 Dungeon Crawl Stone Soup version 0.22.1-2-g9c5b331383 (webtiles) character file.

269 Zarkath the Skirmisher (level 6, 48/48 HPs)
             Began as a Demonspawn Gladiator on Nov 15, 2018.
             Quit the game on level 3 of the Dungeon.
             The game lasted 00:03:37 (3068 turns).

Zarkath the Skirmisher (Demonspawn Gladiator)       Turns: 3068, Time: 00:03:38

Health: 48/48      AC:  8    Str: 14    XL:     6   Next: 1%
Magic:  15/15      EV: 14    Int: 11    God:
Gold:   170        SH:  0    Dex: 20    Spells: 5/5 levels left

rFire    . . .     SeeInvis .   a - +0 war axe
rCold    . . .     Gourm    .   (no shield)
rNeg     . . .     Faith    .   b - +0 leather armour
rPois    .         Spirit   .   c - +0 helmet
rElec    .         Reflect  .   (no cloak)
rCorr    .         Harm     .   e - +0 pair of gloves (curse)
MR       .....                  s - +0 pair of boots
Stlth    ++........             (no amulet)
HPRegen  0.16/turn              g - +5 ring of dexterity
MPRegen  0.14/turn              r - ring of magical power

@: no status effects
A: icy blue scales 1, spiny 1
a: no special abilities


You were on level 3 of the Dungeon.
You were not hungry.

You visited 1 branch of the dungeon, and saw 3 of its levels.

You collected 170 gold pieces.

Inventory:

Hand Weapons
 a - a +0 war axe (weapon)
Missiles
 d - 3 throwing nets (quivered)
Armour
 b - a +0 leather armour (worn)
 c - a +0 helmet (worn)
 e - a cursed +0 pair of gloves (worn)
 s - a +0 pair of boots (worn)
Jewellery
 g - a +5 ring of dexterity (left hand)
 r - a ring of magical power (right hand)
Wands
 n - a wand of paralysis (11)
Scrolls
 h - a scroll of remove curse {unknown}
 i - 3 scrolls of identify {unknown}
 j - a scroll of magic mapping {unknown}
 o - a scroll of fear {unknown}
 p - a scroll of noise {unknown}
 v - a scroll of teleportation {unknown}
Potions
 k - a potion of cancellation {unknown}
 l - a potion of curing {unknown}
 m - 2 potions of brilliance {unknown}
 q - a potion of mutation {unknown}
 t - a potion of ambrosia {unknown}
 u - a potion of lignification {unknown}
Comestibles
 f - 6 rations
 w - a chunk of flesh


   Skills:
 * Level 4.2 Fighting
 + Level 3.6 Axes
 - Level 1.7 Throwing
 + Level 2.0 Armour
 + Level 3.6 Dodging


You had 5 spell levels left.
You didn't know any spells.
Your spell library was empty.

Dungeon Overview and Level Annotations

Branches:
Dungeon (3/15)

Altars:


Innate Abilities, Weirdness & Mutations

You are partially covered in icy blue scales. (AC +2)
You are partially covered in sharp spines.


Message History

The bat closely misses you. The adder completely misses you.
The adder bites you but does no damage.
You slash the adder!
You kill the adder!
You have reached level 6!
Your experience leads to an increase in your attributes!
Your base attributes are Str 14, Int 10, Dex 15.
Increase (S)trength, (I)ntelligence, or (D)exterity?
You feel clever.
Your demonic ancestry asserts itself...
Sharp spines emerge from parts of your body.
You hit the bat.
You kill the bat!
You see here an adder corpse.
You butcher the adder corpse.
w - 2 chunks of flesh Eat one of 2 chunks of flesh? (ye/n/q)
You eat one of the 2 chunks of flesh.
This raw flesh tastes terrible.
Are you sure you want to abandon this character and quit the game? (Confirm
Okay, then.
Are you sure you want to abandon this character and quit the game? (Confirm

# # # # # ########
.......# # #
.#.###.###########.#....
.#.##.#.........@......#
........................
#####.##########.#.###.#
# #.# #.#.# # #.# #.# #
# #.# #.# #####.# #.#
...)..# #.# ##.##†#


There were no monsters in sight!

Vanquished Creatures
  A sky beast (D:3)
  5 gnolls
  6 adders
  4 worms
  3 leopard geckos
  3 giant cockroaches (D:1)
  7 goblins
  10 hobgoblins
  3 jackals (D:2)
  3 quokkas
  2 ball pythons (D:1)
  8 bats
  2 frilled lizards
  4 kobolds
  9 rats
70 creatures vanquished.

Notes
Turn   | Place    | Note
-------+----------+-------------------------------------------
     0 | D:1      | Zarkath the Demonspawn Gladiator began the quest for the
                  | Orb.
     0 | D:1      | Reached XP level 1. HP: 16/16 MP: 1/1
   410 | D:1      | Gained mutation: You are partially covered in icy blue
                  | scales. (AC +2) [demonic ancestry]
   410 | D:1      | Reached XP level 2. HP: 22/22 MP: 2/2
   653 | D:1      | Reached XP level 3. HP: 24/28 MP: 3/3
  1225 | D:2      | Reached skill level 1 in Armour
  1317 | D:2      | Reached skill level 3 in Fighting
  1529 | D:2      | Reached XP level 4. HP: 29/35 MP: 4/4
  2489 | D:3      | Reached XP level 5. HP: 32/41 MP: 5/5
  2649 | D:3      | Noticed a sky beast
  2664 | D:3      | Killed a sky beast
  2664 | D:3      | Reached skill level 4 in Fighting
  3063 | D:3      | Gained mutation: You are partially covered in sharp spines.
                  | [demonic ancestry]
  3063 | D:3      | Reached XP level 6. HP: 48/48 MP: 6/6
  3068 | D:3      | Quit the game

Skill      XL: |  1  2  3  4  5 |
---------------+----------------+-----
Dodging        | 3 |  3.6
Axes           | 3 |  3.6
Armour         | 1 2 |  2.0
Fighting       | 3 4 |  4.2
Throwing       | |  1.7

Action                   |  1- 3 |  4- 6 || total
-------------------------+-------+-------++-------
Melee: War axe           |   124 |   102 ||   226
Throw: Throwing net      |       |     4 ||     4
 Stab: Sleeping          |     4 |     1 ||     5
  Eat: Chunk             |     2 |     5 ||     7
Armor: Leather armour    |    34 |    44 ||    78
Dodge: Dodged            |   106 |    96 ||   202
